 Dungeon Crawl Stone Soup version 0.29-a0-468-ge57f7f99b4 (webtiles) character file.

Game seed: 13076372388587664572

21 dolemite99 the Twirler (level 2, 25/25 HPs)
             Began as a Minotaur Gladiator on May 22, 2022.
             Was a Follower of Sif Muna.
             Quit the game on level 1 of the Dungeon.
             The game lasted 00:00:23 (464 turns).

dolemite99 the Twirler (Minotaur Gladiator)          Turns: 464, Time: 00:00:24

Health: 25/25      AC:  3    Str: 18    XL:     2   Next: 62%
Magic:  1/1        EV: 12    Int:  5    God:    Sif Muna [*.....]
Gold:   25         SH:  0    Dex: 11    Spells: 1/1 levels left

rFire   . . .      SeeInvis .   a - +0 quarterstaff
rCold   . . .      Faith    .   (shield currently unavailable)
rNeg    . . .      Spirit   .   b - +0 leather armour
rPois   .          Reflect  .   c - +0 hat
rElec   .          Harm     .   (no cloak)
rCorr   .          Rampage  .   (no gloves)
Will    .....                   (no boots)
Stlth   +.........              (no amulet)
HPRegen 0.08/turn               (no ring)
MPRegen 0.07/turn               (no ring)

@: no status effects
A: horns 2, retaliatory headbutt
a: Renounce Religion, Channel Magic


You were on level 1 of the Dungeon.
You worshipped Sif Muna.
Sif Muna was aware of your devotion.
You visited 1 branch of the dungeon, and saw 1 of its levels.

You collected 25 gold pieces.

Inventory:

Hand Weapons
 a - a +0 quarterstaff (weapon)
Missiles
 d - 3 throwing nets (quivered)
 e - a javelin
Armour
 b - a +0 leather armour (worn)
 c - a +0 hat (worn)
Scrolls
 h - a scroll of immolation {unknown}
 i - a scroll of amnesia {unknown}
Potions
 f - 2 potions of flight {unknown}
 g - a potion of attraction {unknown}


   Skills:
 - Level 2.4 Fighting
 + Level 4.8 Staves
 - Level 2.0 Throwing
 - Level 3.2 Dodging


You had one spell level left.
You didn't know any spells.
Your spell library was empty.

Dungeon Overview and Level Annotations

Branches:
Dungeon (1/15)

Altars:
Sif Muna


Innate Abilities, Weirdness & Mutations

You have a pair of horns on your head.
You reflexively headbutt those who attack you in melee.


Message History

The goblin closely misses you.
There are monsters nearby!
You thump the goblin!
You kill the goblin!
The jackal closely misses you.
You closely miss the jackal. You headbutt the jackal.
You kill the jackal!
The jackal completely misses you. The jackal bites you.
You hit the jackal. You headbutt the jackal.
You kill the jackal!
You see here a jackal corpse.
HP restored.
You now have 25 gold pieces (gained 16).
You open the door.
Found a faded altar of an unknown god.
There is an open door here.
h - a scroll labelled YDDIBA GETUMNECS
Found a stone staircase leading down.
No target in view!
i - a scroll labelled QOLLITUPHE
There are no items here.
A dart slug comes into view.
There is a faded altar of an unknown god here.
The dart slug barely misses you. The dart slug barely misses you.
The dart slug launches a dart at you. The slug dart hits you.
The dart slug misses you.
You sock the dart slug!
You kill the dart slug!
No target in view!
No target in view!
There is a faded altar of an unknown god here.
You cannot tell which god this altar belongs to.
Convert to them anyway?
Sif Muna accepts your prayer! Sif Muna welcomes you!
You can now call upon Sif Muna for magical energy.
A hobgoblin comes into view.
The hobgoblin moves out of view.
Are you sure you want to abandon this character and quit the game? (Confirm with "yes".)

############
#..........#
#.########.# #.# #.#
#.########.#
#........#.######
#..#####.#......#
#..@...# #......#
#...$### #......#
#..#..$ #.######
#........#.#########
##.#####.#........).
#?# #........†. #.#
#.......... #. #
##.#######'
####.###........


There were no monsters in sight!

Vanquished Creatures
  2 dart slugs (D:1)
  An endoplasm (D:1)
  3 giant cockroaches (D:1)
  2 goblins (D:1)
  A hobgoblin (D:1)
  2 jackals (D:1)
  A quokka (D:1)
  A frilled lizard (D:1)
  A kobold (D:1)
14 creatures vanquished.

Notes
Turn   | Place    | Note
-------+----------+-------------------------------------------
     0 | D:1      | dolemite99 the Minotaur Gladiator began the quest for the
                  | Orb.
     0 | D:1      | Reached XP level 1. HP: 18/18 MP: 0/0
    53 | D:1      | Reached skill level 4 in Staves
    56 | D:1      | Reached XP level 2. HP: 20/25 MP: 1/1
   323 | D:1      | Found a faded altar of an unknown god.
   365 | D:1      | Prayed at the altar of an unknown god.
   365 | D:1      | Became a worshipper of Sif Muna the Loreminder
   365 | D:1      | Reached * piety under Sif Muna
   464 | D:1      | Quit the game

Illustrated notes

Levels and vault maps discovered:
D:1:      ncdulo_smallfort, layout_basic, hellmonk_ecumenical_altar_run_dry,
          minmay_hedge_maze

Skill      XL: |  1 |
---------------+----+-----
Staves         | 4 |  4.8
Fighting       | |  2.4
Throwing       | |  2.0
Dodging        | |  3.2

Action                   || total
-------------------------++-------
Melee: Quarterstaff      ||    19
       Headbutt          ||     6
Armor: Leather armour    ||     4
Dodge: Dodged            ||    24

Table legend: (Time is in decaauts)
 A = Elapsed time spent in this place.
 B = Non-inter-level travel time spent in this place.
 C = Inter-level travel time spent in this place.
 D = Time resting spent in this place.
 E = Time spent auto-exploring this place.
 F = Levels seen in this place.
 G = Mean time per level.
                   A        B        C        D        E       F      G
               +--------+--------+--------+--------+--------+-----+--------+
         Total |    465 |    465 |      0 |    160 |    217 |   1 |  465.0 |
       Dungeon |    465 |    465 |      0 |    160 |    217 |   1 |  465.0 |
               +--------+--------+--------+--------+--------+-----+--------+

Top non-repeatable levels by time:
     D:1: 465 daAuts
